 Dungeon Crawl Stone Soup version 0.30.1-4-g462c640d31 (webtiles) character file.

Game seed: 4332987408381030857

12545 Wiggles the Cleaver (level 11, -10/101 HPs)
             Began as a Minotaur Berserker on Aug 14, 2023.
             Was an Elder of Trog.
             Hit by a large rock thrown by a cyclops (23 damage)
             ... on level 11 of the Dungeon.
             The game lasted 00:16:11 (11025 turns).

Wiggles the Cleaver (Minotaur Berserker)           Turns: 11025, Time: 00:16:12

Health: -10/101    AC: 19    Str: 27    XL:     11   Next: 63%
Magic:  10/10      EV: 11    Int: 10    God:    Trog [****..]
Gold:   572        SH:  0    Dex: 15    Spells: 10/10 levels left

rFire   . . .        y - +2 broad axe (protect)
rCold   . . .        (no shield)
rNeg    . . .        h - +0 plate armour
rPois   .            (helmet restricted)
rElec   .            (no cloak)
rCorr   .            s - +1 pair of gloves
SInv    .            E - +0 pair of boots
Will    .....        (no amulet) Stlth
                     d - +6 ring of intelligence
HPRegen 0.36/turn    z - +6 ring of dexterity
MPRegen 0.12/turn

%: no passive effects
@: marked, on berserk cooldown, slowed, very slow
A: horns 2, retaliatory headbutt
a: Renounce Religion, Berserk, Trog's Hand, Brothers in Arms


You were on level 11 of the Dungeon.
You worshipped Trog.
Trog was greatly pleased with you.
You visited 1 branch of the dungeon, and saw 11 of its levels.

You collected 572 gold pieces.

Inventory:

Hand Weapons
 y - a +2 broad axe of protection (weapon)
Armour
 h - a +0 plate armour (worn)
 s - a +1 pair of gloves (worn)
 E - a +0 pair of boots (worn)
Jewellery
 d - a +6 ring of intelligence (left hand)
 e - a +5 ring of evasion
 o - a +6 ring of dexterity
 z - a +6 ring of dexterity (right hand)
 F - a +5 ring of evasion
Wands
 r - a wand of quicksilver (10)
 u - a wand of iceblast (17)
 x - a wand of polymorph (5)
 B - a wand of charming (9)
Scrolls
 b - 3 scrolls of magic mapping
 g - 2 scrolls of fog
 k - 3 scrolls of teleportation
 m - 3 scrolls of fear
 n - 3 scrolls of blinking
Potions
 a - a potion of haste
 f - 4 potions of might
 i - a potion of resistance
 j - a potion of lignification
 l - 4 potions of flight
 p - 3 potions of curing
 t - 2 potions of invisibility
 v - 2 potions of attraction
 w - 2 potions of mutation
 C - 4 potions of heal wounds
 D - 2 potions of berserk rage
 G - a potion of brilliance
 H - a potion of ambrosia


   Skills:
 + Level 10.8 Fighting
 + Level 14.4 Axes
 + Level 11.7 Armour
 + Level 7.0 Dodging
 + Level 2.9 Stealth


You had 10 spell levels left.
You didn't know any spells.
Your spell library was empty.

Dungeon Overview and Level Annotations

Branches:
Dungeon (11/15)            Temple (0/1) D:6            Lair (0/5) D:9
    Orc: D:9-12

Altars:
Ashenzari
Cheibriados
Fedhas
Gozag
Makhleb
Nemelex Xobeh
Okawaru
Sif Muna
Trog
Wu Jian
Xom
Yredelemnul
Zin

Shops:
D:1 (   D:6 *   D:7 :(


Innate Abilities, Weirdness & Mutations

You have a pair of horns on your head.
You reflexively headbutt those who attack you in melee.


Message History

The splash of acid hits you.
The cyclops throws a large rock.
The large rock closely misses you.
You see here a vampire mosquito corpse.
The vampire mosquito misses you. The vampire mosquito bites you!
The vampire mosquito draws strength from your injuries!
The vampire mosquito closely misses you.
You furiously retaliate!
You headbutt the vampire mosquito.
Your two-headed ogre goes berserk!
The vampire mosquito bites you!
* * * LOW HITPOINT WARNING * * *
The vampire mosquito draws strength from your injuries!
The acid dragon bites your two-headed ogre!
The acid dragon barely misses your two-headed ogre.
The vampire mosquito bites you.
* * * LOW HITPOINT WARNING * * *
The vampire mosquito draws strength from your injuries!
The acid dragon bites your two-headed ogre but does no damage.
The acid dragon claws your two-headed ogre but does no damage.
A troll comes into view.
A centaur comes into view.
The vampire mosquito closely misses you.
Your two-headed ogre barely misses the acid dragon. x2
The vampire mosquito bites you.
* * * LOW HITPOINT WARNING * * *
The vampire mosquito draws strength from your injuries!
The cyclops throws a large rock.
The large rock closely misses you.
The vampire mosquito bites you but does no damage.
Your two-headed ogre hits the acid dragon with a +0 giant club!!!
The acid dragon dies!
Trog accepts your kill. The vampire mosquito bites you!
* * * LOW HITPOINT WARNING * * *
The vampire mosquito draws strength from your injuries!
The vampire mosquito closely misses you.
The cyclops attacks as you move away!
The cyclops hits you but does no damage.
Your two-headed ogre hits the vampire mosquito with a +0 giant club!!!
The vampire mosquito is destroyed!
Trog accepts your kill.
The cyclops throws a large rock.
The large rock hits you!!
You die...

#.+ #.# # #.# .. #.# ...
#.#####T... #....c...c.
#†..C# #....... #.O..#
#....... #..@.# #......
#..).# #....######
#....+ #....#.....
#####....# #>...#.....
#........#####....#.....
#.................#.....
##############....#.....
#....####'# #..........


You could see a cyclops, a centaur and a friendly two-headed ogre (summoned,
berserk).

Vanquished Creatures
  Erica (D:8)
  2 two-headed ogres
  2 centaur zombies (D:10)
  Maggie (D:6)
  Psyche (D:8)
  3 kobold demonologists (D:9)
  2 polar bears (D:10)
  A hornet (D:10)
  Prince Ribbit (D:8)
  A shadow (D:10)
  10 yaks
  Eustachio (D:6)
  2 steam dragons (D:8)
  5 vampire mosquitoes
  An acid dragon (D:10)
  5 water moccasins
  An ice beast (D:8)
  6 black bears
  3 ogres
  An orc warrior (D:9)
  4 centaurs
  A phantom (D:7)
  3 kobold brigands
  4 bullfrogs
  Blork the orc (D:6)
  A gnoll sergeant (D:9)
  3 scorpions (D:9)
  3 wights (D:7)
  3 killer bees (D:10)
  A howler monkey (D:5)
  4 hounds
  2 jellies (D:4)
  4 orc priests
  2 gnoll boudas
  Jessica (D:2)
  3 iguanas
  Natasha (thrice) (D:2)
  13 orc wizards
  11 gnolls
  3 adders (D:2)
  A white imp (D:8)
  An ufetubus (D:5)
  A dart slug (D:9)
  17 orcs
  6 bats
  9 endoplasms
  2 giant cockroaches (D:2)
  9 goblins
  5 hobgoblins
  3 jackals (D:2)
  3 quokkas
  6 ball pythons
  2 frilled lizards
  16 kobolds
  6 rats
207 creatures vanquished.

Vanquished Creatures (collateral kills)
  A hydra (D:10)
  The ghost of turdburglar the Grappler, a novice TrFi of Okawaru (D:10)
  A vampire mosquito (D:11)
  An acid dragon (D:11)
4 creatures vanquished.

Grand Total: 211 creatures vanquished

Notes
Turn   | Place    | Note
-------+----------+-------------------------------------------
     0 | D:1      | Wiggles the Minotaur Berserker began the quest for the Orb.
     0 | D:1      | Reached XP level 1. HP: 19/19 MP: 0/0
   175 | D:1      | Reached skill level 4 in Axes
   206 | D:1      | Reached XP level 2. HP: 27/27 MP: 1/1
   371 | D:1      | Found Maivvatt's Antique Weapon Emporium.
   561 | D:1      | Reached ** piety under Trog
  1082 | D:2      | Reached XP level 3. HP: 33/33 MP: 2/2
  1237 | D:2      | Noticed Natasha
  1244 | D:2      | Killed Natasha
  1245 | D:2      | Reached XP level 4. HP: 41/41 MP: 3/3
  1347 | D:2      | Reached skill level 5 in Axes
  1385 | D:2      | Noticed Natasha
  1392 | D:2      | Killed Natasha
  1464 | D:2      | Noticed Natasha
  1472 | D:2      | Killed Natasha
  1473 | D:2      | Reached XP level 5. HP: 40/47 MP: 4/4
  1526 | D:2      | Noticed Jessica
  1531 | D:2      | Killed Jessica
  1532 | D:2      | Reached skill level 5 in Fighting
  2013 | D:3      | Found a shimmering blue altar of Sif Muna.
  2459 | D:4      | Noticed a water moccasin
  2466 | D:4      | Killed a water moccasin
  2467 | D:4      | Reached skill level 6 in Axes
  2467 | D:4      | Reached XP level 6. HP: 56/56 MP: 5/5
  2543 | D:4      | Found an opulent altar of Gozag.
  3254 | D:5      | Entered Level 5 of the Dungeon
  3312 | D:5      | Reached XP level 7. HP: 59/61 MP: 6/6
  3544 | D:5      | Reached skill level 7 in Axes
  3579 | D:5      | Reached *** piety under Trog
  3580 | D:5      | Reached skill level 5 in Armour
  3580 | D:5      | Reached skill level 1 in Stealth
  3583 | D:5      | Identified the +0 ring mail of Amelioration {rPois Slay+2}
  4343 | D:6      | Found a shimmering altar of Xom.
  4453 | D:6      | Noticed an angel
  4456 | D:6      | Found a glowing silver altar of Zin.
  4457 | D:6      | Found a staircase to the Ecumenical Temple.
  4567 | D:6      | Noticed Blork the orc
  4571 | D:6      | Killed Blork the orc
  4596 | D:6      | Reached skill level 8 in Axes
  4596 | D:6      | Reached XP level 8. HP: 68/70 MP: 7/7
  4810 | D:6      | Found Xiamma's CLEARANCE SALE!.
  4938 | D:6      | Noticed Eustachio
  4969 | D:6      | Killed Eustachio
  5051 | D:6      | Noticed Maggie
  5059 | D:6      | Killed Maggie
  5060 | D:6      | Reached skill level 9 in Axes
  5060 | D:6      | Reached skill level 5 in Dodging
  5579 | D:7      | Reached XP level 9. HP: 78/78 MP: 8/8
  5945 | D:7      | Found Etwun's Antique Weapon Emporium.
  6076 | D:7      | Found Oblawis's Tremendous Tomes.
  6188 | D:7      | Reached skill level 10 in Axes
  6586 | D:7      | Found a sparkling altar of Nemelex Xobeh.
  7278 | D:8      | Noticed Erica
  7289 | D:8      | Killed Erica
  7290 | D:8      | Reached skill level 11 in Axes
  7459 | D:8      | Found a burning altar of Makhleb.
  7475 | D:8      | Noticed Prince Ribbit
  7504 | D:8      | Killed Prince Ribbit
  7703 | D:8      | Noticed Psyche
  7716 | D:8      | Killed Psyche
  7717 | D:8      | Reached XP level 10. HP: 64/88 MP: 9/9
  8349 | D:9      | Noticed a two-headed ogre
  8356 | D:9      | Found an iron altar of Okawaru.
  8366 | D:9      | Killed a two-headed ogre
  8367 | D:9      | Reached skill level 12 in Axes
  8515 | D:9      | Found a staircase to the Lair.
  8527 | D:9      | Reached **** piety under Trog
  8652 | D:9      | Reached skill level 10 in Armour
  8661 | D:9      | Reached skill level 13 in Axes
  8899 | D:9      | Found a blossoming altar of Fedhas.
  9121 | D:9      | Noticed a smoke demon
  9128 | D:9      | Noticed a rust devil
  9129 | D:9      | Noticed a rust devil
  9132 | D:9      | Noticed an orange demon
  9218 | D:9      | Found a snail-covered altar of Cheibriados.
  9463 | D:9      | Reached XP level 11. HP: 97/97 MP: 10/10
  9558 | D:10     | Entered Level 10 of the Dungeon
  9726 | D:10     | Found an ornate altar of the Wu Jian Council.
  9795 | D:10     | Found a bloodstained altar of Trog.
 10208 | D:10     | Reached ***** piety under Trog
 10230 | D:10     | Reached skill level 10 in Fighting
 10463 | D:10     | Found a broken altar of Ashenzari.
 10595 | D:10     | Found a basalt altar of Yredelemnul.
 10630 | D:10     | Found a runed translucent gate.
 10631 | D:10     | Found a runed translucent gate.
 10636 | D:10     | Found a runed translucent gate.
 10636 | D:10     | Noticed an 11-headed hydra
 10636 | D:10     | Noticed turdburglar's ghost (novice TrFi)
 10650 | D:10     | Killed a 14-headed hydra
 10651 | D:10     | Reached skill level 14 in Axes
 10654 | D:10     | Killed turdburglar's ghost
 11003 | D:11     | Noticed a two-headed ogre
 11011 | D:11     | Killed a two-headed ogre
 11025 | D:11     | Hit by a large rock thrown by a cyclops

Illustrated notes

Levels and vault maps discovered:
D:1:      sevenhm_arrival_forest_fort_small_4, layout_basic, serial_shops, shop,
          minmay_misc_feat_iff, dreamdust_princess_bridge,
          nicolae_concentric_dashed_squares_mild
D:2:      layout_rooms, serial_curves, eino_curves_02, eino_curves_03,
          uniq_jessica, uniq_natasha
D:3:      minmay_spotlight, layout_basic, lemuel_blue_sif_altar
D:4:      layout_loops_corners, mainiacjoe_overflow_brackets
D:5:      layout_basic
D:6:      layout_basic, grunt_temple_overflow_order_and_chaos_1,
          minmay_temple_entry_drinking_statues, nicolae_shop_clearance,
          uniq_blork_the_orc, uniq_maggie, uniq_eustachio
D:7:      minmay_flawed_box, layout_layer_cave, nemelex_dance_club_becter,
          serial_shops, shop, corner_web_ring, nicolae_shop_i_like_big_books
D:8:      layout_gridville, mainiacjoe_overflow_24_doors, uniq_erica,
          uniq_prince_ribbit1, uniq_psyche
D:9:      layout_loops_ring, fedhas_ov_isle_minmay,
          mainiacjoe_overflow_chevrons, kennysheep_slug_shrine,
          due_lair_maze_entry_diamond
D:10:     layout_loops_ring, lemuel_doored_altar,
          lemuel_zombie_altar_yredelemnul, trog_ov_bears_minmay,
          nicolae_wu_jian_wuxing_cycle, gammafunk_ghost_hydra_chop
D:11:     layout_irregular_city, hangedman_incinerator

Skill      XL: |  1  2  3  4  5  6  7  8  9 10 11 |
---------------+----------------------------------+-----
Axes           | 4 5 6 8 9 11 13 14 | 14.4
Fighting       | 4 5 6 8 9 10 | 10.8
Armour         | 3 4 5 7 8 10 11 | 11.7
Dodging        | 3 4 5 6 7 |  7.0
Stealth        | 1 2 |  2.9

Action                     |  1- 3 |  4- 6 |  7- 9 | 10-12 || total
---------------------------+-------+-------+-------+-------++-------
  Melee: Hand axe          |    82 |    84 |   195 |       ||   361
         Headbutt          |     6 |    14 |    50 |    55 ||   125
         Punch             |       |       |     1 |     3 ||     4
         War axe           |       |       |    32 |   224 ||   256
         Broad axe         |       |       |       |     7 ||     7
 Invoke: Berserk           |     1 |     3 |     4 |     5 ||    13
         Brothers in Arms  |       |       |       |     2 ||     2
    Use: Scroll            |       |       |    17 |     8 ||    25
   Stab: Sleeping          |     1 |       |       |       ||     1
 Armour: Animal skin       |     4 |       |       |       ||     4
         Ring mail         |     7 |    39 |    57 |       ||   103
         Chain mail        |       |       |     7 |       ||     7
         Plate armour      |       |       |     9 |   160 ||   169
  Dodge: Dodged            |    45 |    67 |   136 |   120 ||   368
